 Dungeon Crawl Stone Soup version 0.30-a0-371-gad7725a93e (webtiles) character file.

Game seed: 854742511246942031

9226 retardedninja the Fighter (level 11, -6/104 HPs)
             Began as a Hill Orc Fighter on Nov 21, 2022.
             Was an Initiate of Gozag.
             Engulfed by an ice statue's freezing vapour (25 damage)
             ... in an ice cave on Nov 22, 2022.
             The game lasted 00:18:58 (11836 turns).

retardedninja the Fighter (Hill Orc Fighter)       Turns: 11836, Time: 00:18:59

Health: -6/104     AC: 23    Str: 24    XL:     11   Next: 43%
Magic:  11/11      EV:  4    Int: 15    God:    Gozag
Gold:   242        SH: 15    Dex:  9    Spells: 10/10 levels left

rFire   . . .      SeeInvis .    g - +3 broad axe "Qoust" {vamp, Dex+2}
rCold   . . .      Faith    .    u - +0 tower shield
rNeg    . . .      Spirit   .    B - +3 plate armour
rPois   .          Reflect  .    n - +0 helmet
rElec   .          Harm     .    F - +0 cloak "Beudaqerch" {rCorr Int+7 Dex-3}
rCorr   +          Rampage  .    m - +0 pair of gloves
Will    .....                    c - +0 pair of boots
Stlth   ..........               h - amulet of the acrobat
HPRegen 0.37/turn                (no ring)
MPRegen 0.12/turn                (no ring)

@: studying Fighting
A: no striking features
a: Renounce Religion, Potion Petition, Call Merchant, Bribe Branch


You were in an ice cave.
You worshipped Gozag.
Gozag was aware of your devotion.
You visited 2 branches of the dungeon, and saw 10 of its levels.
You also visited: Ice Cave.

You collected 2006 gold pieces.
You spent 715 gold pieces at shops.
You paid 1049 gold pieces to Gozag.

Inventory:

Hand Weapons
 g - the +3 broad axe "Qoust" (weapon) {vamp, Dex+2}
   (You acquired it on level 8 of the Dungeon)

   It occasionally heals its wielder for a portion of the damage dealt when it
   wounds a living foe.
   Dex:       It affects your dexterity (+2).
 x - a +1 broad axe
Missiles
 b - 4 silver boomerangs
 A - a throwing net (quivered)
Armour
 c - a +0 pair of boots (worn)
 m - a +0 pair of gloves (worn)
 n - a +0 helmet (worn)
 u - a +0 tower shield (worn)
 B - a +3 plate armour (worn)
 F - the +0 cloak "Beudaqerch" (worn) {rCorr Int+7 Dex-3}
   (You found it on level 9 of the Dungeon)

   Int:       It affects your intelligence (+7).
   Dex:       It affects your dexterity (-3).
   rCorr:     It protects you from acid and corrosion.
Jewellery
 h - an amulet of the acrobat (around neck)
 o - an amulet of regeneration
 C - a +6 ring of dexterity
Wands
 w - a wand of flame (11)
 z - a wand of mindburst (16)
Scrolls
 i - 4 scrolls of teleportation
 k - a scroll of fear
 p - 4 scrolls of poison
 q - 3 scrolls of amnesia
 r - a scroll of immolation
 s - a scroll of magic mapping {unknown}
 t - 2 scrolls of noise
 y - a scroll of silence
 D - a scroll of blinking {unknown}
 G - 2 scrolls of identify
Potions
 a - a potion of degeneration
 d - a potion of haste {unknown}
 e - 2 potions of mutation
 f - 2 potions of attraction
 j - a potion of flight
 l - 3 potions of brilliance
 v - a potion of lignification
 E - 3 potions of curing
Miscellaneous
 H - a condenser vane


   Skills:
 + Level 11.9 Fighting
 + Level 11.7 Axes
 + Level 10.3 Armour
 + Level 10.2 Shields


You had 10 spell levels left.
You didn't know any spells.
Your spell library contained the following spells:

 Spells                   Type           Power      Damage    Failure   Level
 Ensorcelled Hibernation  Hex/Ice        0%         N/A       100%        2
 Passwall                 Tmut/Erth      0%         N/A       100%        2
 Hailstorm                Conj/Ice       0%         3d3       100%        3
 Swiftness                Air            0%         N/A       100%        3
 Ice Form                 Ice/Tmut       0%         N/A       100%        4
 Simulacrum               Ice/Necr       Unusable   N/A       N/A         6

Dungeon Overview and Level Annotations

Branches:
Dungeon (9/15)             Temple (0/1) D:6            Lair (1/5) D:8
  IceCv (1/1)
    Orc: D:9-12

Altars:
Fedhas
Gozag
Makhleb
Okawaru
Sif Muna
Uskayaw
Wu Jian
Xom
Yredelemnul

Shops:
D:5 [   D:9 [

Annotations:
IceCv exclusion: ice statue


Message History

You hit the ice beast. You hit the ice beast but do no damage.
You hit the ice beast.
You are engulfed in freezing vapours.
The ice beast hits you but does no damage.
You block the ice beast's attack. x2
You hit the ice statue but do no damage.
The ice statue is heavily damaged.
You closely miss the ice beast. You hit the ice beast. You slash the ice beast!
You are engulfed in freezing vapours.
The ice beast hits you but does no damage.
The ice beast barely misses you. You block the ice beast's attack. x3
You slash the ice statue!
The ice statue is severely damaged.
You slash the ice beast! x2; You hit the ice beast but do no damage.
You are engulfed in freezing vapours.
The ice beast hits you but does no damage.
The ice statue gestures at you. The shard of ice hits you!
The ice beast hits you.
* * * LOW HITPOINT WARNING * * *
The ice beast freezes you!
* * * LOW HITPOINT WARNING * * *
The ice beast hits you but does no damage.
You block the ice beast's attack.
Unknown command.
Okay, then.
You feel better.
You are engulfed in freezing vapours.
* * * LOW HITPOINT WARNING * * *
The ice beast hits you but does no damage.
You block the ice beast's attack. x2
As you read the scroll of fear, it crumbles to dust.
You assume a fearsome visage.
The ice beast looks frightened! x3
The ice statue is unaffected.
You completely miss the ice statue.
The ice statue is severely damaged.
The ice statue gestures at you.
The freezing blast engulfs you but does no damage.
You hit the ice statue.
The ice statue is severely damaged.
You are engulfed in freezing vapours.
You die...
Your body crumbles into a pile of gold.

##### ##...##
##.....#
#......##
#.....YY#
##...☼.§○#
##....#○☼○#
#...#.##@§#
##..##$##§8#
#..##).##..#
#..#.[)#.Y.#
##.##..##....
#..##..#....##
###
#..#..##..###
##.####.##..#...
#...##..#..##


You could see an ice statue and 3 ice beasts.

Vanquished Creatures
  An ice statue (IceCv)
  Psyche (D:9)
  7 slime creatures (IceCv)
  10 yaks
  2 wyverns
  Eustachio (D:4)
  Edmund (D:4)
  5 water moccasins
  Pargi (D:4)
  2 ice beasts
  A sky beast (D:8)
  5 ogres
  3 orc warriors
  2 black bears (D:5)
  3 great orb of eyes simulacra (IceCv)
  2 centaurs
  A phantom (D:6)
  2 kobold brigands
  4 bullfrogs
  A necrophage (D:7)
  2 slime creature simulacra (IceCv)
  A scorpion (D:5)
  13 wights
  A glowing shapeshifter simulacrum (IceCv)
  9 killer bees (D:9)
  3 howler monkeys (D:9)
  2 jellies
  4 hounds
  Crazy Yiuf (D:2)
  5 orc priests
  A gnoll bouda (D:9)
  Jessica (D:2)
  Terence (D:2)
  4 iguanas
  10 orc wizards
  A shapeshifter simulacrum (IceCv)
  Robin (D:2)
  8 adders
  12 gnolls
  A shadow imp (D:7)
  2 white imps
  2 ufetubi (D:5)
  3 dart slugs
  21 orcs
  10 ball pythons
  7 endoplasms
  3 giant cockroaches
  22 goblins
  13 hobgoblins
  11 jackals
  8 quokkas
  7 bats
  3 frilled lizards
  18 kobolds
  4 rats
270 creatures vanquished.

Vanquished Creatures (others)
  A great orb of eyes simulacrum (IceCv)
  A fungus (Lair:1)
  A plant (Lair:1)
3 creatures vanquished.

Grand Total: 273 creatures vanquished

Notes
Turn   | Place    | Note
-------+----------+-------------------------------------------
     0 | D:1      | retardedninja the Hill Orc Fighter began the quest for the
                  | Orb.
     0 | D:1      | Reached XP level 1. HP: 19/19 MP: 1/1
    98 | D:1      | Reached XP level 2. HP: 26/27 MP: 2/2
   278 | D:1      | Reached XP level 3. HP: 33/33 MP: 3/3
   782 | D:2      | Reached XP level 4. HP: 40/40 MP: 4/4
   995 | D:2      | Noticed Jessica
  1002 | D:2      | Killed Jessica
  1023 | D:2      | Found a runed translucent door.
  1024 | D:2      | Noticed Crazy Yiuf
  1026 | D:2      | You fall into a shaft and drop 2 floors!
  1101 | D:4      | Reached XP level 5. HP: 47/47 MP: 5/5
  1235 | D:4      | Reached skill level 5 in Fighting
  1235 | D:4      | Reached XP level 6. HP: 37/56 MP: 6/6
  1340 | D:4      | Noticed Edmund
  1348 | D:4      | Killed Edmund
  1349 | D:4      | Reached skill level 5 in Axes
  1349 | D:4      | Reached skill level 5 in Armour
  1349 | D:4      | Reached skill level 5 in Shields
  1349 | D:4      | Reached XP level 7. HP: 50/61 MP: 7/7
  1392 | D:4      | Noticed Eustachio
  1410 | D:4      | Found an opulent altar of Gozag.
  1419 | D:4      | Killed Eustachio
  1443 | D:4      | Became a worshipper of Gozag Ym Sagoz the Greedy
  1571 | D:4      | Noticed Pargi
  1581 | D:4      | Killed Pargi
  1850 | D:4      | Found a burning altar of Makhleb.
  2057 | D:3      | Reached XP level 8. HP: 66/71 MP: 8/8
  2381 | D:3      | Found an ornate altar of the Wu Jian Council.
  2562 | D:2      | Noticed Robin
  2577 | D:2      | Killed Robin
  2695 | D:2      | Found a faded altar of an unknown god.
  2720 | D:2      | Noticed Terence
  2726 | D:2      | Killed Terence
  2873 | D:2      | Killed Crazy Yiuf
  3176 | D:5      | Entered Level 5 of the Dungeon
  3176 | D:5      | Found Byek's Antique Armour Shop.
  3180 | D:5      | Bought a tower shield for 117 gold pieces
  3851 | D:5      | Reached XP level 9. HP: 68/79 MP: 9/9
  5107 | D:6      | Found a staircase to the Ecumenical Temple.
  6319 | D:5      | Bought a plate armour for 598 gold pieces
  7331 | D:7      | Reached XP level 10. HP: 40/85 MP: 10/10
  7714 | D:7      | Found a shimmering blue altar of Sif Muna.
  7798 | D:8      | Found a staircase to the Lair.
  8286 | D:8      | Found an iron altar of Okawaru.
  9059 | D:8      | Identified a scroll of acquirement
  9060 | D:8      | Acquired the +3 broad axe "Qoust" {vamp, Dex+2}
  9164 | D:9      | Reached skill level 10 in Axes
  9219 | D:9      | Reached skill level 10 in Fighting
  9788 | D:9      | Found Mety's Armour Emporium.
  9792 | D:9      | Noticed Psyche
  9799 | D:9      | Killed Psyche
  9863 | D:9      | Identified the +0 cloak "Beudaqerch" {rCorr Int+7 Dex-3}
 10068 | D:9      | Found a basalt altar of Yredelemnul.
 10071 | D:9      | Found a hide-covered altar of Uskayaw.
 10156 | D:9      | Found a blossoming altar of Fedhas.
 10168 | D:9      | Found a shimmering altar of Xom.
 10313 | Lair:1   | Entered Level 1 of the Lair of Beasts
 10319 | Lair:1   | Acquired a manual of Fighting
 10634 | Lair:1   | Reached XP level 11. HP: 89/101 MP: 11/11
 10659 | Lair:1   | Found a frozen archway.
 10671 | IceCv    | Entered an ice cave
 10982 | IceCv    | Reached skill level 10 in Armour
 10992 | IceCv    | Reached skill level 10 in Shields
 11836 | IceCv    | Engulfed by an ice statue's freezing vapour

Illustrated notes

Levels and vault maps discovered:
D:1:      ncdulo_lavacross, layout_rooms
D:2:      layout_basic, basic_ecumenical_altar, uniq_jessica,
          uniq_crazy_yiuf_cottage, uniq_robin, uniq_terence
D:3:      layout_rooms, mainiacjoe_overflow_surrounded_room, serial_glass,
          glass_columns_b, glass_columns_b, nrook_campfire
D:4:      cheibrodos_barr_body, layout_loops_ring, nicolae_gozag_seed_capital,
          old_standard_altar, uniq_edmund, uniq_pargi, uniq_eustachio
D:5:      layout_layer_cave, serial_shops, nicolae_stop_n_shop_1
D:6:      layout_basic, minmay_temple_entry_poolview
D:7:      layout_rooms, led_sif_pool, grunt_ogre_cave, minmay_quadrilaterals
D:8:      layout_loops_ring, okawaru_altar_gauntlet_db, lair_entry_dummy
D:9:      layout_irregular_city, grunt_temple_overflow_cloverleaf, serial_shops,
          kennysheep_mini, uniq_psyche
Lair:1:   layout_loops_ring, ebering_ghost_xom, portal_ice_cave_entry_pillars_1,
          nicolae_quartered_pool_super, chequers_serial_rivers_micro_d
IceCv:    ice_cave_hellmonk_azure_passage

Skill      XL: |  1  2  3  4  5  6  7  8  9 10 11 |
---------------+----------------------------------+-----
Axes           | 3 4 5 6 7 9 11 | 11.7
Fighting       | 4 5 6 7 9 10 11 | 11.9
Armour         | 4 5 6 8 9 10 | 10.3
Shields        | 4 5 6 8 9 10 | 10.2

Action                   |  1- 3 |  4- 6 |  7- 9 | 10-12 || total
-------------------------+-------+-------+-------+-------++-------
Melee: War axe           |   124 |    61 |   210 |       ||   395
       Broad axe         |       |       |   140 |   347 ||   487
Invok: Potion Petition   |       |       |       |     2 ||     2
  Use: Potion            |       |     1 |     2 |     8 ||    11
       Scroll            |       |       |    14 |     8 ||    22
 Stab: Invisible         |       |       |       |     3 ||     3
       Distracted        |       |       |       |     3 ||     3
Armor: Scale mail        |    68 |     3 |   134 |       ||   205
       Chain mail        |       |    20 |   102 |       ||   122
       Plate armour      |       |       |    19 |   190 ||   209
       Skin              |       |       |       |    14 ||    14
Dodge: Dodged            |    64 |    12 |   161 |    57 ||   294
Block: Buckler           |    33 |    10 |    38 |       ||    81
       Tower shield      |       |       |   192 |   300 ||   492

Table legend: (Time is in decaauts)
 A = Elapsed time spent in this place.
 B = Non-inter-level travel time spent in this place.
 C = Inter-level travel time spent in this place.
 D = Time resting spent in this place.
 E = Time spent auto-exploring this place.
 F = Levels seen in this place.
 G = Mean time per level.
                   A        B        C        D        E       F      G
               +--------+--------+--------+--------+--------+-----+--------+
         Total |  12154 |  11721 |    433 |   3917 |   5570 |  11 | 1104.9 |
       Dungeon |  10613 |  10180 |    433 |   2899 |   5387 |   9 | 1179.2 |
          Lair |    372 |    372 |      0 |    129 |    141 |   1 |  372.0 |
      Ice Cave |   1169 |   1169 |      0 |    889 |     42 |   1 | 1169.0 |
               +--------+--------+--------+--------+--------+-----+--------+

Top non-repeatable levels by time:
     D:7: 2111 daAuts
     D:8: 1388 daAuts
     D:5: 1301 daAuts
     D:9: 1240 daAuts
     D:6: 1233 daAuts
   IceCv: 1169 daAuts
     D:4: 1088 daAuts
     D:2: 934 daAuts
     D:1: 761 daAuts
     D:3: 554 daAuts
  Lair:1: 372 daAuts
